 Dungeon Crawl Stone Soup version 0.29-a0-91-gdebf4667c2 (webtiles) character file.

Game seed: 9343629641466457401

394 siradein the Skirmisher (level 6, 0/67 HPs)
             Began as an Ogre Fighter on Feb 8, 2022.
             Slain by a mummy (7 damage)
             ... in an ossuary.
             The game lasted 00:06:58 (4304 turns).

siradein the Skirmisher (Ogre Fighter)              Turns: 4304, Time: 00:06:59

Health: 0/67       AC:  4    Str: 21    XL:     6   Next: 81%
Magic:  6/6        EV: 13    Int:  9    God:
Gold:   126        SH:  8    Dex: 10    Spells: 5/5 levels left

rFire   . . .      SeeInvis .   a - +0 flail
rCold   . . .      Faith    .   c - +0 kite shield
rNeg    . . .      Spirit   .   b - +0 robe
rPois   .          Reflect  .   (helmet restricted)
rElec   .          Harm     .   p - +0 cloak
rCorr   .          Rampage  .   (gloves unavailable)
Will    .....                   (boots unavailable)
Stlth   +.........              (no amulet)
HPRegen 0.21/turn               h - ring of flight
MPRegen 0.10/turn               l - +4 ring of evasion

@: flying
A: large, unfitting armour, tough skin 1
a: no special abilities


You were in an ossuary.
You visited 1 branch of the dungeon, and saw 4 of its levels.
You also visited: Ossuary.

You collected 126 gold pieces.

Inventory:

Hand Weapons
 a - a +0 flail (weapon)
Armour
 b - a +0 robe (worn)
 c - a +0 kite shield (worn)
 p - a +0 cloak (worn)
Jewellery
 h - a ring of flight (left hand)
 l - a +4 ring of evasion (right hand)
Scrolls
 g - a scroll of magic mapping {unknown}
 i - 4 scrolls of noise {unknown}
 k - a scroll of blinking {unknown}
 o - 2 scrolls of teleportation {unknown}
 q - 2 scrolls of identify {unknown}
 s - a scroll of enchant armour {unknown}
 t - a scroll of fog {unknown}
 v - a scroll of immolation {unknown}
Potions
 d - a potion of might
 e - a potion of attraction {unknown}
 f - a potion of lignification {unknown}
 j - 3 potions of haste {unknown}
 m - a potion of invisibility {unknown}
 n - a potion of curing
 r - a potion of heal wounds
 u - a potion of flight {unknown}


   Skills:
 + Level 6.0 Fighting
 + Level 3.4 Maces & Flails
 + Level 4.0 Dodging
 + Level 4.0 Shields


You had 5 spell levels left.
You didn't know any spells.
Your spell library contained the following spells:

 Spells                   Type           Power      Damage    Failure   Level
 Ozocubu's Armour         Ice            0%         N/A       95%         3
 Fulminant Prism          Conj/Hex       0%         3d6       100%        4
 Iskenderun's Mystic Bla  Conj/Tloc      0%         2d3       100%        4
 Lee's Rapid Deconstruct  Erth           0%         3d5*      100%        5
 Ozocubu's Refrigeration  Ice            0%         4d5       100%        7


Dungeon Overview and Level Annotations

Branches:
Dungeon (4/15)             Temple (0/1) D:4         Ossuary (1/1)

Altars:
Yredelemnul

Shops:
D:1 !

Annotations:
D:2 1 runed translucent door, Crazy Yiuf


Innate Abilities, Weirdness & Mutations

You are too large for most types of armour.
You have tough skin. (AC +1)


Message History

You block the hobgoblin zombie's attack.
The kobold zombie closely misses you.
You completely miss the kobold zombie. The kobold zombie closely misses you.
You block the mummy's attack.
The hobgoblin zombie closely misses you.
You block the kobold zombie's attack. The kobold zombie closely misses you.
You block the mummy's attack.
You closely miss the kobold zombie. The kobold zombie closely misses you.
The hobgoblin zombie closely misses you.
The mummy hits you.
You hit the kobold zombie.
The kobold zombie is moderately damaged.
The kobold zombie hits you but does no damage.
You block the hobgoblin zombie's attack.
You hit the kobold zombie.
The kobold zombie is heavily damaged.
The kobold zombie closely misses you. The mummy hits you but does no damage.
The hobgoblin zombie hits you. The kobold zombie hits you.
You closely miss the kobold zombie.
The kobold zombie is heavily damaged.
You block the mummy's attack. The hobgoblin zombie hits you.
The kobold zombie hits you but does no damage.
You closely miss the kobold zombie.
The kobold zombie is heavily damaged.
You block the hobgoblin zombie's attack.
The mummy hits you!!
* * * LOW HITPOINT WARNING * * *
The kobold zombie completely misses you.
You closely miss the kobold zombie.
The kobold zombie is heavily damaged.
The hobgoblin zombie misses you.
The kobold zombie hits you but does no damage.
The mummy barely misses you.
Unknown command.
You hit the mummy.
The mummy is lightly damaged.
The hobgoblin zombie completely misses you.
The kobold zombie hits you but does no damage.
The mummy hits you!
You die...

#....#
#....#
#....#
#....#
#....#
#....#
#Z...#
#ZM..#
#@ZZ.#
######


You could see a mummy, a hobgoblin zombie, 2 kobold zombies and an orc zombie.

Vanquished Creatures
  A scorpion (D:4)
  The ghost of innerfire433 the Skirmisher, a weakling DsWn of Yredelemnul (D:3)
  A hound (D:4)
  A jelly (D:4)
  Natasha (thrice) (D:3)
  A mummy (Ossuary)
  6 adders
  A river rat (D:3)
  4 worms
  4 dart slugs
  An orc (D:3)
  3 endoplasms
  4 giant cockroaches
  4 goblins
  5 hobgoblins
  7 kobolds
  2 quokkas
  6 ball pythons
  A ball python zombie (D:3)
  5 bats
  3 frilled lizards (D:1)
  A giant cockroach zombie (D:3)
  2 goblin zombies (D:4)
  2 kobold zombies (Ossuary)
  6 rats
75 creatures vanquished.

Notes
Turn   | Place    | Note
-------+----------+-------------------------------------------
     0 | D:1      | siradein the Ogre Fighter began the quest for the Orb.
     0 | D:1      | Reached XP level 1. HP: 24/24 MP: 1/1
   223 | D:1      | Found a faded altar of an unknown god.
   239 | D:1      | Found Hiewonkut's Distillery.
   301 | D:1      | Reached XP level 2. HP: 32/32 MP: 2/2
   665 | D:1      | Reached XP level 3. HP: 24/40 MP: 3/3
  2129 | D:2      | Reached XP level 4. HP: 46/49 MP: 4/4
  2213 | D:2      | Found a runed translucent door.
  2214 | D:2      | Noticed Crazy Yiuf
  2505 | D:3      | Noticed Natasha
  2512 | D:3      | Killed Natasha
  2708 | D:3      | Noticed Natasha
  2724 | D:3      | Killed Natasha
  2725 | D:3      | Reached skill level 5 in Fighting
  2729 | D:3      | Reached XP level 5. HP: 32/57 MP: 5/5
  3009 | D:3      | Found a runed translucent door.
  3014 | D:3      | Noticed innerfire433's ghost (weakling DsWn)
  3075 | D:3      | Found a runed translucent door.
  3214 | D:3      | Noticed Natasha
  3219 | D:3      | Killed Natasha
  3497 | D:3      | Found a basalt altar of Yredelemnul.
  3612 | D:3      | Killed innerfire433's ghost
  3619 | D:3      | Reached XP level 6. HP: 35/66 MP: 6/6
  3825 | D:4      | Found a staircase to the Ecumenical Temple.
  4001 | D:4      | Found a sand-covered staircase.
  4026 | D:4      | Reached skill level 6 in Fighting
  4238 | Ossuary  | Entered an ossuary
  4304 | Ossuary  | Slain by a mummy

Illustrated notes

Levels and vault maps discovered:
D:1:      heliophobic_arrival_battle_scene, layout_loops_ring,
          basic_ecumenical_altar, serial_shops, shop
D:2:      layout_loops_ring, due_unseen_surprise, uniq_crazy_yiuf_cottage
D:3:      layout_loops_corners, lemuel_zombie_altar_yredelemnul,
          ebering_ghost_sewer_f, grunt_decor_junction, uniq_natasha
D:4:      minmay_spotlight, layout_basic,
          nicolae_uskayaw_murder_on_the_dancefloor,
          minmay_temple_entry_crystal_x, gammafunk_ghost_smash, serial_glass,
          glass_columns_a, glass_columns_a, enter_ossuary_4, kennysheep_donut
Ossuary:  ossuary_tomb_3

Skill      XL: |  1  2  3  4  5  6 |
---------------+-------------------+-----
Maces & Flails | 2 3 |  3.4
Dodging        | 3 4 |  4.0
Shields        | 3 4 |  4.0
Fighting       | 5 6 |  6.0

Action                   |  1- 3 |  4- 6 || total
-------------------------+-------+-------++-------
Melee: Flail             |   121 |   170 ||   291
Armor: Robe              |    42 |    34 ||    76
Dodge: Dodged            |    50 |   101 ||   151
Block: Kite shield       |    62 |    85 ||   147

Table legend: (Time is in decaauts)
 A = Elapsed time spent in this place.
 B = Non-inter-level travel time spent in this place.
 C = Inter-level travel time spent in this place.
 D = Time resting spent in this place.
 E = Time spent auto-exploring this place.
 F = Levels seen in this place.
 G = Mean time per level.
                   A        B        C        D        E       F      G
               +--------+--------+--------+--------+--------+-----+--------+
         Total |   4432 |   4350 |     82 |    670 |   2807 |   5 |  886.4 |
       Dungeon |   4358 |   4276 |     82 |    670 |   2782 |   4 | 1089.5 |
       Ossuary |     74 |     74 |      0 |      0 |     25 |   1 |   74.0 |
               +--------+--------+--------+--------+--------+-----+--------+

Top non-repeatable levels by time:
     D:1: 1577 daAuts
     D:3: 1437 daAuts
     D:2: 886 daAuts
     D:4: 456 daAuts
 Ossuary: 74 daAuts
